 Dungeon Crawl Stone Soup version 0.31.0-4-g52a2dc7128 (console) character file.

Game seed: 6109909902340720550

198 AlterAsc the Changeling (level 5, -6/51 HPs)
             Began as an Octopode Shapeshifter on Jan 21, 2024.
             Mangled by a crocodile (9 damage)
             ... in a sewer.
             The game lasted 00:07:02 (1940 turns).

AlterAsc the Changeling (Octopode Shapeshifter)     Turns: 1940, Time: 00:07:02

Health: -6/51      AC: 22    Str: 20    XL:     5   Next: 76%
Magic:  5/5        EV:  2    Int: 12    God:
Gold:   138        SH:  0    Dex: 13    Spells: 4/4 levels left

rFire   . .          .
                       - Unarmed
rCold   . . .        (no shield)
rNeg    . . .        (helmet currently unavailable)
rPois   +            (no amulet)
rElec   .            q - +6 ring of strength
rCorr   .            (no ring)
SInv    .            (no ring)
Will    .....        (no ring)
Stlth   +            (no ring)
HPRegen 0.28/turn    (no ring)
MPRegen 0.09/turn    (no ring)
                     (no ring)

%: no passive effects
@: tree-form, very slow
A: stationary, stasis, torment immunity, boosted hp, almost no armour,
(amphibious), 8 rings, (camouflage 1), (gelatinous body 1), (nimble swimmer 1),
(tentacles)
a: no special abilities


You were in a sewer.
You were a tree.
You visited 1 branch of the dungeon, and saw 4 of its levels.
You also visited: Sewer.

You collected 138 gold pieces.

Inventory:

Missiles
 d - 18 stones (quivered)
 r - 4 poisoned darts
Magical Staves
 m - a staff of fire
Jewellery
 q - a +6 ring of strength (left branch)
Talismans
 b - a beast talisman
 c - a flux talisman
Wands
 p - a wand of paralysis (8)
Scrolls
 e - 2 scrolls of teleportation {unknown}
 f - a scroll of enchant weapon {unknown}
 g - 3 scrolls of fear {unknown}
 h - 2 scrolls of noise {unknown}
 j - a scroll of immolation {unknown}
 k - 2 scrolls of identify {unknown}
 l - a scroll of blinking {unknown}
Potions
 a - a potion of lignification
 i - a potion of invisibility {unknown}
 n - a potion of attraction {unknown}
 o - 2 potions of mutation {unknown}


   Skills:
 - Level 2.0 Fighting
 - Level 3.0 Dodging
 - Level 3.3 Unarmed Combat
 * Level 5.0 Shapeshifting


You had 4 spell levels left.
You didn't know any spells.
Your spell library was empty.

Dungeon Overview and Level Annotations

Branches:
Dungeon (4/15)              Sewer (1/1)
 Temple: D:4-7

Altars:
Xom

Shops:
D:3 (:(:

Annotations:
D:3 Natasha


Innate Abilities, Weirdness & Mutations

You are a tree.
Your roots penetrate the ground, keeping you stationary.
You cannot be teleported.
You are immune to unholy pain and torment.
Your maximum health is greatly increased.
You cannot wear most types of armour.
((You are amphibious.))
You can wear up to eight rings at the same time.
((Your skin changes colour to match your surroundings (Stealth+).))
((Your rubbery body absorbs attacks. (AC +1, EV +1)))
((You are camouflaged when in or above water. (Stealth+)))
((You have tentacles for arms and can constrict up to eight enemies at once.))


Message History

The crocodile is heavily wounded.
The crocodile hisses menacingly.
The crocodile bites you. The crocodile drags you backwards!
Floosh!
You tentacle-slap the crocodile.
The crocodile is heavily wounded.
The crocodile bites you! The crocodile drags you backwards!
Floosh!
You bludgeon the crocodile!
The crocodile is severely wounded.
The crocodile bites you. The crocodile drags you backwards!
Floosh!
You barely miss the crocodile.
The crocodile is severely wounded.
The crocodile misses you.
You barely miss the crocodile.
The crocodile is severely wounded.
The crocodile bites you!
* * * LOW HITPOINT WARNING * * *
The crocodile drags you backwards!
Floosh!
You barely miss the crocodile. Your squeeze misses the crocodile.
The crocodile is severely wounded.
The crocodile barely misses you.
Press: ? - help, v - describe, . - travel
Here: a crocodile (severely wounded) Some shallow water.
Okay, then.
Really quaff the potion of lignification?
Your transformation has ended.
You turn into a tree.
Your roots penetrate the ground.
The crocodile barely misses you.
You barely miss the crocodile.
The crocodile is severely wounded.
You smack the crocodile!
The crocodile is almost dead.
The crocodile bites you but does no damage.
You miss the crocodile.
The crocodile is almost dead.
The crocodile bites you!
You die...

#≈≈≈≈≈≈≈≈~~.~..P~~~....~~.
##≈≈≈≈≈≈≈≈..~~.~~P.~..~....
#≈≈≈≈≈≈≈≈.~P~~.~P~..~..~..#
##≈≈≈≈≈≈†≈.P......~.....~~.#
#≈≈≈≈≈≈≈≈≈#~#...~~.~....~~##
##≈≈≈≈≈≈≈≈#~#~~.~~~~~~~...~~
##≈≈≈≈≈≈≈#~#.#########..~##
#≈≈≈≈≈≈≈#~#.~~~~~~~~)~~.~#
#≈≈≈≈≈≈≈#~#.####~####.~~.#
≈≈≈≈≈≈≈≈≈#~#.# #.#~#.~~~~.
##≈≈≈≈≈≈≈≈#♣### #.##~#......
#≈≈≈≈≈≈≈≈#l# ## #~######.
#≈≈≈≈≈≈≈≈#~# #~#~~)~~. #~#
#~######. #~# #~#.~..~. ~P.
#~#P.~~~. ... ##~#.P~~~.
~.?~~ #...PP~~~. ...~~
##.##P~P## ###...# ########


You could see a crocodile.

Vanquished Creatures
  A kobold brigand (Sewer)
  Robin (D:2)
  4 adders
  A river rat (Sewer)
  A dart slug (D:1)
  2 ribbon worms (D:2)
  An orc (D:2)
  2 endoplasms
  4 giant cockroaches
  12 goblins
  6 hobgoblins
  11 jackals
  3 kobolds
  A quokka (D:2)
  5 ball pythons
  2 bats
  3 frilled lizards
  5 rats
65 creatures vanquished.

Notes
Turn   | Place    | Note
-------+----------+-------------------------------------------
     0 | D:1      | AlterAsc the Octopode Shapeshifter began the quest for the
                  | Orb.
     0 | D:1      | Reached XP level 1. HP: 13/13 MP: 1/1
   142 | D:1      | Found a faded altar of an unknown god.
   288 | D:1      | Reached XP level 2. HP: 18/18 MP: 2/2
   774 | D:2      | Reached XP level 3. HP: 12/23 MP: 3/3
   829 | D:2      | You fall into a shaft and drop 2 floors!
   863 | D:3      | Noticed Natasha
   864 | D:3      | Found Qurileuce's Antique Weapon Emporium.
   865 | D:3      | Found Boass's Book Shop.
   868 | D:3      | Found the +7 sceptre of Torment {pain, torment}
   886 | D:2      | Noticed Robin
  1019 | D:2      | Reached XP level 4. HP: 29/29 MP: 4/4
  1027 | D:2      | Killed Robin
  1275 | D:2      | Found a shimmering altar of Xom.
  1458 | D:3      | Found Yhonail's Book Boutique.
  1507 | D:3      | Found Pokkiemm's Weapon Emporium.
  1523 | D:3      | Found a glowing drain.
  1539 | D:3      | Reached skill level 4 in Shapeshifting
  1581 | Sewer    | Entered a sewer
  1636 | Sewer    | Noticed a kobold brigand
  1673 | Sewer    | Killed a kobold brigand
  1674 | Sewer    | Reached XP level 5. HP: 25/34 MP: 5/5
  1742 | Sewer    | Reached skill level 5 in Shapeshifting
  1793 | Sewer    | Noticed a kobold brigand
  1921 | Sewer    | Noticed a crocodile
  1935 | Sewer    | HP: 1/34 [crocodile (15)]
  1940 | Sewer    | Mangled by a crocodile

Illustrated notes

Levels and vault maps discovered:
D:1:      zaba_arrival_water, layout_basic, ebering_ecumenical_altar_sacrificial
D:2:      layout_rooms, basic_altar, minmay_misc_feat_chi, minmay_box_of_dots,
          uniq_robin
D:3:      layout_rooms, serial_shops, nicolae_shop_tiny_statue_garden, shop,
          nicolae_shop_advertising_works [nicolae_subvault_shop_adworks], shop,
          nicolae_shop_tiny_waterfront, gup_sewer_entry_glass,
          dk_noncrumbling_3, st_stairs_13, kennysheep_nub, uniq_natasha
D:4:      layout_basic, mainiacjoe_overflow_brackets, trog_ov_bears_minmay,
          temple_fountains
Sewer:    sewer_co_scattered_pipes

Skill      XL: |  1  2  3  4  5 |
---------------+----------------+-----
Fighting       | 2 |  2.0
Dodging        | 3 |  3.0
Shapeshifting  | 4 5 |  5.0
Unarmed Combat | |  3.3

Action                     |  1- 3 |  4- 6 || total
---------------------------+-------+-------++-------
  Melee: Unarmed           |    55 |    84 ||   139
         Constrict         |    11 |    26 ||    37
         Tentacles         |     7 |    20 ||    27
         Punch             |     2 |     2 ||     4
    Use: Potion            |       |     1 ||     1
   Stab: Sleeping          |     2 |     2 ||     4
 Armour: Skin              |    22 |    31 ||    53
  Dodge: Dodged            |    24 |    46 ||    70
